 Dungeon Crawl Stone Soup version 0.17-a0-1655-g88a8506 (webtiles) character file.

47 kae the Grave Robber (level 3, 0/24 HPs)
             Began as a Demonspawn Necromancer on Aug 15, 2015.
             Slain by an adder (4 damage)
             ... on level 2 of the Dungeon.
             The game lasted 00:01:39 (1500 turns).

kae the Grave Robber (Demonspawn Necromancer)       Turns: 1500, Time: 00:01:39

Health: 0/24       AC:  2    Str:  8      XL:     3   Next: 48%
Magic:  0/7        EV: 12    Int: 15 (17) God:
Gold:   124        SH:  0    Dex: 13      Spells: 1 memorised, 6 levels left

rFire  . . .     SeeInvis .     (no weapon)
rCold  . . .     Clarity  .     a - +0 robe
rNeg   . . .     SustAt   .     (no shield)
rPois  .         Gourm    .     (helmet restricted)
rElec  .         Spirit   .     (no cloak)
rCorr  .         Warding  .     (no gloves)
rMut   .         Stasis   .     (no boots)
MR     .....                    (no amulet)
Stlth  ++........               (no ring)
                                (no ring)

@: lethally poisoned (0 -> -6), not resistant to hostile enchantments,
unstealthy
A: horns 1
a: no special abilities


You were on level 2 of the Dungeon.
You were not hungry.

You visited 1 branch of the dungeon, and saw 2 of its levels.

You collected 124 gold pieces.

Inventory:

Armour
 a - a +0 robe (worn)
Scrolls
 d - a scroll of identify {unknown}
 f - 2 scrolls of teleportation {unknown}
 g - a scroll of blinking {unknown}
 h - a scroll of fear {unknown}
 i - a scroll of random uselessness {unknown}
 j - 2 scrolls of enchant armour {unknown}
 m - a scroll of enchant weapon {unknown}
Potions
 e - a potion of mutation {unknown}
 l - 2 potions of heal wounds {unknown}
Books
 b - a book of Necromancy

   Spells                             Type                      Level
   a - Pain                           Necromancy                   1
   b - Animate Skeleton               Necromancy                   1
   c - Vampiric Draining              Necromancy                   3
   d - Regeneration                   Charms/Necromancy            3
   e - Animate Dead                   Necromancy                   4
   f - Control Undead                 Necromancy                   4
Comestibles
 c - 2 bread rations


   Skills:
 - Level 1.7 Dodging
 - Level 1.7 Stealth
 + Level 2.8 Spellcasting
 * Level 5.2 Necromancy


You had 6 spell levels left.
You knew the following spells:

 Your Spells              Type           Power        Failure   Level  Hunger
a - Pain                  Necr           ###.         2%          1    #......


Dungeon Overview and Level Annotations

Branches:
Dungeon (2/15)

Altars:
Dithmenos


Innate Abilities, Weirdness & Mutations

You have a pair of small horns on your head.


Message History

The adder closely misses you.
You miss the adder. Your headbutt misses the adder.
The adder is heavily wounded.
The adder bites you. x2
You closely miss the adder.
The adder is heavily wounded.
The adder bites you.
* * * LOW HITPOINT WARNING * * *
You are lethally poisoned!
The adder poisons you!
You completely miss the adder.
The adder is heavily wounded.
* * * LOW HITPOINT WARNING * * *
You feel sick. The adder barely misses you.
Drink which item? (? for menu, Esc to quit)
It was a potion of degeneration.
There was something very wrong with that liquid.
You feel dopey. The adder bites you.
You die...

#######.#†......####
#.......).....###
#..........<..#
#.............#
#.............######
..#########.#...........
......................>.
.#####.###........>....
#@# ############## #S#
#.# ## #.# ..
............... #####.
.S............. #...#.
............... #.#.#.
....%.......... ###.#.#.
............... #...#...


You could see an adder.

Vanquished Creatures
  An adder (D:2)
  An ooze (D:1)
  A worm (D:2)
  2 giant cockroaches (D:1)
  6 hobgoblins (D:1)
  5 kobolds
  A ball python (D:1)
  6 bats (D:1)
  2 giant newts
  3 goblins
  5 rats
33 creatures vanquished.

Notes
Turn   | Place    | Note
--------------------------------------------------------------
     0 | D:1      | kae the Demonspawn Necromancer began the quest for the Orb.
     0 | D:1      | Reached XP level 1. HP: 13/13 MP: 3/3
   627 | D:1      | Gained mutation: You have a pair of small horns on your head. [demonic ancestry]
   627 | D:1      | Reached XP level 2. HP: 19/19 MP: 3/5
  1074 | D:1      | Reached skill level 5 in Necromancy
  1074 | D:1      | Reached XP level 3. HP: 15/24 MP: 5/7
  1304 | D:2      | Found a shadowy altar of Dithmenos.
  1500 | D:2      | Slain by an adder

Vault maps used:
D:1:      dpeg_arrival_water_temple_mockup, corexii_item_surrounded_by_moat
D:2:      vehumet_crystals, overflow_temple_1_default, serial_bayou,
          serial_bayou_shore_b, serial_bayou_pond_c, serial_bayou_pond_b,
          serial_bayou_pond_c, serial_bayou_pond_b

Action                   || total
-------------------------++-------
Melee: Unarmed           ||    15
 Cast: Pain              ||    52
  Use: Potion            ||     1
 Stab: Sleeping          ||     1
  Eat: Chunk             ||     2
